 Dungeon Crawl Stone Soup version 0.31-a0-232-gb1c03b2570 (webtiles) character file.

Game seed: 8415131555874593888

109776 qw the Marksgargoyle (level 16, -10/110 HPs)
             Began as a Gargoyle Hexslinger on July 7, 2023.
             Was a High Priest of Okawaru.
             Mangled by an orc knight
             ... wielding a +0 glaive
              (12 damage)
             ... on level 2 of the Orcish Mines.
             The game lasted 00:12:09 (21636 turns).

qw the Marksgargoyle (Gargoyle Hexslinger)         Turns: 21636, Time: 00:12:10

Health: -10/110    AC: 39    Str: 13    XL:     16   Next: 53%
Magic:  10/14      EV: 17    Int: 21    God:    Okawaru [*****.]
Gold:   1127       SH:  0    Dex: 17    Spells: 16/17 levels left

rFire   + . .        i - +9 longbow (freeze)
rCold   + . .        (shield currently unavailable)
rNeg    + + .        z - +4 ring mail {rF+}
rPois   inf          b - +2 helmet {SInv}
rElec   +            y - +0 cloak of Jigsaw {+Inv}
rCorr   .            n - +2 pair of gloves of Trumpets {rElec rN+ MP-9 Int+3}
SInv    +            o - +0 pair of boots
Will    +....        u - amulet of faith
Stlth   ++           e - +4 ring of protection
HPRegen 0.38/turn    s - ring of protection from cold
MPRegen 0.14/turn

%: faith
@: about to teleport, heroic, finesse-ful, flying
A: sickness immunity, AC +12, big wings, negative energy resistance 1,
electricity resistance, torment resistance 1, petrification resistance, clever 1
a: Renounce Religion, Evoke Invisibility, Heroism, Finesse, Duel


You were on level 2 of the Orcish Mines.
You worshipped Okawaru.
Okawaru was extremely pleased with you.
You visited 4 branches of the dungeon, and saw 23 of its levels.
You visited the Abyss 1 time.
You also visited: Gauntlet.

You collected 1694 gold pieces.
You spent 567 gold pieces at shops.


Innate Abilities, Weirdness & Mutations

You are immune to sickness and miasma.
Your stone body is resilient. (AC +12)
You are immune to poison.
Your large and strong wings let you fly.
You resist negative energy. (rN+)
You are resistant to electric shocks. (rElec)
You are resistant to unholy torment.
You are immune to petrification.
Your mind is acute. (Int +4, Str/Dex -1)


   Skills:
 - Level 15.8(20.8) Fighting
 - Level 20.0(25.0) Ranged Weapons
 + Level 9.8(14.8) Armour
 - Level 8.0(13.0) Dodging
 - Level 1.0 Spellcasting
 - Level 2.6 Hexes
 - Level 10.0 Invocations


You had 16 spell levels left.
You knew the following spells:

 Your Spells              Type           Power      Damage    Failure   Level
a - Slow                  Hex            48%        N/A       9%          1

Your spell library contained the following spells:

 Spells                   Type           Power      Damage    Failure   Level
 Inner Flame              Hex/Fire       6%         N/A       43%         3
 Portal Projectile        Hex/Tloc       12%        N/A       43%         3
 Cause Fear               Hex            6%         N/A       65%         4

Inventory:

Hand Weapons
 i - a +9 longbow of freezing (weapon)
Armour
 b - a +2 helmet of see invisible (worn)
 n - the +2 pair of gloves of Trumpets (worn) {rElec rN+ MP-9 Int+3}
   (You found it on level 4 of the Dungeon)

   Int:       It affects your intelligence (+3).
   rElec:     It insulates you from electricity.
   rN:        It protects you from negative energy.
   MP:        It affects your magic capacity (-9).
 o - a +0 pair of boots (worn)
 p - a +0 troll leather armour
 y - the +0 cloak of Jigsaw (worn) {+Inv}
   (You found it in a Gauntlet)

   +Inv:      It lets you turn invisible.
 z - a +4 ring mail of fire resistance (worn)
Jewellery
 c - an amulet of the acrobat
 e - a +4 ring of protection (left hand)
 g - a +6 ring of strength
 l - a ring of see invisible
 s - a ring of protection from cold (right hand)
 t - a ring of willpower
 u - an amulet of faith (around neck)
 A - a ring of fire
 Y - a ring of protection from fire
Wands
 w - a wand of digging (3)
Scrolls
 f - 11 scrolls of identify
 m - 11 scrolls of teleportation
Potions
 a - 4 potions of cancellation
 h - 6 potions of haste
 k - 6 potions of curing
 q - 3 potions of enlightenment
 r - a potion of mutation
 v - a potion of might
 x - a potion of resistance

Dungeon Overview and Level Annotations

Branches:
Dungeon (15/15)            Temple (1/1) D:7            Lair (5/5) D:8
  Swamp (0/4) Lair:2       Spider (0/4) Lair:2        Slime (0/5) Lair:5
    Orc (2/2) D:9          Vaults (0/5) D:14         Depths (0/4) D:15
Gauntlet (visited)
    Elf: Orc:2

Altars:
Ashenzari
Cheibriados
Dithmenos
Elyvilon
Fedhas
Gozag
Hepliaklqana
Kikubaaqudgha
Makhleb
Nemelex Xobeh
Okawaru
Qazlal
Ru
Sif Muna
Trog
Uskayaw
Vehumet
Wu Jian
Xom
Yredelemnul
Zin
The Shining One
Jiyva

Shops:
D:8 [(*   D:10 ?   Orc:2 [

Annotations:
D:2 1 runed translucent door, Crazy Yiuf
D:6 3 runed translucent doors, qw's ghost, novice NaHu
Orc:2 Nergalle


Message History

The orange demon stings you but does no damage.
The hellwing misses you.
The hellwing hits you but does no damage.
You shoot an arrow. The arrow hits the troll!!
The arrow freezes the troll!
You kill the troll!
Okawaru accepts your kill.
You shoot an arrow. The arrow barely misses the hellwing.
The orc priest completely misses you.
The orc warlord unwields a +3 glaive.
The orc warlord wields a +0 arbalest.
The orc warlord shoots a bolt.
The bolt hits you but does no damage.
The orc wizard hits you but does no damage.
The orc warrior hits you but does no damage.
The orc wizard casts a spell at you. The magic dart hits you.
The orc barely misses you.
The orc high priest hits you from afar with a +0 glaive!
You shoot an arrow.
The arrow completely misses the hellwing.
The orange demon stings you but does no damage.
The hellwing closely misses you. The hellwing completely misses you.
You shoot an arrow. The arrow closely misses the hellwing.
The orc priest barely misses you. The orc wizard misses you.
The orc warrior completely misses you.
The orc wizard hits you but does no damage.
The orc misses you. The orc closely misses you.
The orc high priest hits you but does no damage.
You shoot an arrow. The arrow hits the hellwing!
The arrow freezes the hellwing.
The hellwing is moderately wounded.
Your surroundings suddenly seem different. 10 orcs come into view.
Found a roughly hewn altar of Beogh.
The orc warrior shouts!
The orc priest shouts!
The orc warrior shouts!
Enter note:
21636 ||| READING 12 scrolls of teleportation.
As you read the scroll of teleportation, it crumbles to dust.
You feel strangely unstable.
The orc priest shouts!
The orc sorcerer shouts!
The orc warrior no longer looks unusually strong.
The orc sorcerer hits you but does no damage.
The orc knight hits you from afar with a +0 glaive!
You die...

#\.# #8...8# #...#
#.....# #...##.....# .
### #...#..o..#.. ##.###
#........... #... #
#####.o.......#####..###
..8....o......).8......#
.....o.@o....o.).o4oo...
o.....oo._...)o)ooo.o...
..........o...o..ooo...#
..8.............8.4##.##
#####.........##### ###.
....o...... ##
...#.....#..
...##.....##.


You could see an orc knight (strong), Nergalle (strong), an orc sorcerer, 5 orc
warriors, 2 orc priests, 2 orc wizards and an orc (strong).

Vanquished Creatures
  A bone dragon (Abyss:3)
  A tentacled starspawn (Abyss:3)
  A caustic shrike zombie (D:15)
  A minotaur (Gauntlet)
  A great orb of eyes (Abyss:3)
  A rakshasa (D:14)
  5 vault guards (D:14)
  Erolcha (D:12)
  10 hydras
  2 ogre magi
  A catoblepas (D:15)
  A death knight (D:15)
  3 centaur warriors
  7 two-headed ogres
  2 boulder beetles
  2 tengu warriors
  9 death yaks (Lair:5)
  A titan zombie (D:15)
  A vampire mage (Abyss:3)
  A soul eater (Abyss:3)
  2 deep elf knights
  A skyshark (Lair:3)
  A wretched star (Abyss:3)
  2 sixfirhies (Abyss:3)
  A skeletal warrior (D:15)
  A glowing orange brain (shapeshifter) (D:15)
  A wizard (D:14)
  A phantasmal warrior (D:15)
  A necromancer (D:15)
  A flayed ghost (D:15)
  A deep elf zephyrmancer (D:15)
  2 deep elf archers (D:15)
  2 orc knights
  2 lindwurms (Lair:5)
  4 orc sorcerers
  2 deep elf pyromancers
  13 ugly things
  A fire giant zombie (D:15)
  3 worldbinders (Abyss:3)
  A frost giant zombie (D:15)
  3 cyclopes
  9 elephants
  An apocalypse crab (Abyss:3)
  8 black mambas
  3 torpor snails
  Joseph (D:8)
  11 cane toads
  4 smoke demons (Abyss:3)
  3 gargoyles
  2 unseen horrors
  7 komodo dragons
  A yaktaur (D:14)
  4 rime drakes
  An efreet (Gauntlet)
  2 freezing wraiths (D:15)
  2 guardian mummies (D:15)
  3 ancient zymes (Abyss:3)
  5 trolls
  A hellwing (Abyss:3)
  A harpy skeleton (Abyss:3)
  5 polar bears
  2 hornets
  8 raiju
  Prince Ribbit (D:9)
  13 dream sheep
  7 slime creatures
  18 blink frogs
  A centaur simulacrum (D:11)
  2 shadows
  Sigmund (D:6)
  An air elemental (D:13)
  A spriggan (Lair:4)
  5 basilisks
  74 yaks
  3 wyverns
  4 wraiths
  A golden eye (shapeshifter) (D:15)
  A fire elemental (Gauntlet)
  6 steam dragons
  3 small abominations (Abyss:3)
  A neqoxec (Abyss:3)
  4 large abominations (Abyss:3)
  3 wargs
  7 vampire mosquitoes
  3 swamp worms (Gauntlet)
  Edmund (D:6)
  Menkaure (D:6)
  5 acid dragons
  2 hell hounds
  9 water moccasins
  13 orc warriors
  4 sky beasts (D:13)
  2 ice beasts
  2 black bears
  4 ogres
  A wolf (shapeshifter) (D:14)
  4 boggarts (D:14)
  20 wolves
  8 centaurs
  2 phantoms (D:5)
  Blork the orc (D:6)
  3 kobold brigands (D:9)
  10 bullfrogs
  2 gnoll sergeants
  3 scorpions
  13 killer bees
  2 electric eels (Lair:3)
  8 howler monkeys
  2 centaur zombies (D:4)
  A quasit (Abyss:3)
  5 jellies
  3 hounds
  12 orc priests
  4 starcursed masses (Abyss:3)
  A gnoll bouda (D:8)
  4 iguanas
  3 sleepcaps
  3 scorpion zombies (D:4)
  18 orc wizards
  2 hound zombies (D:4)
  20 gnolls
  8 adders
  3 shadow imps
  3 white imps
  An ufetubus (D:4)
  3 adder zombies (D:4)
  7 adder skeletons (D:4)
  6 worms
  6 dart slugs
  45 orcs
  3 endoplasms
  4 giant cockroaches
  6 hobgoblins
  7 jackals
  4 quokkas
  10 ball pythons
  4 bats
  4 frilled lizards
  6 goblins
  30 kobolds
  5 rats
705 creatures vanquished.

Vanquished Creatures (others)
  2 starspawn tentacles (Abyss:3)
2 creatures vanquished.

Grand Total: 707 creatures vanquished

Notes
Turn   | Place    | Note
-------+----------+-------------------------------------------
     0 | D:1      | qw the Gargoyle Hexslinger began the quest for the Orb.
     0 | D:1      | Reached XP level 1. HP: 12/12 MP: 2/2
     0 | D:1      | 0 ||| qw: Version: 0.3-a-46-gb1f654a
     0 | D:1      | 0 ||| qw: Game counter: 2872
     0 | D:1      | 0 ||| qw: Melee chars always use a shield: true
     0 | D:1      | 0 ||| qw: God list: Okawaru
     0 | D:1      | 0 ||| qw: Allow faded altars: false
     0 | D:1      | 0 ||| qw: Do Orc after clearing Dungeon:15 true
     0 | D:1      | 0 ||| qw: Do second Lair branch before Depths: true
     0 | D:1      | 0 ||| qw: Lair rune preference: random
     0 | D:1      | 0 ||| qw: Goals: Normal
     0 | D:1      | 0 ||| PLANNING D:1-11
    59 | D:1      | Reached XP level 2. HP: 16/16 MP: 3/3
   168 | D:1      | Reached skill level 3 in Ranged Weapons
   489 | D:1      | 489 ||| UPGRADING to +0 ring mail.
   499 | D:1      | 499 ||| DROPPING +0 robe.
   500 | D:1      | 500 ||| READING scroll labelled ZOUXI XUAFI.
   501 | D:1      | 501 ||| READING scroll labelled QAECIF JEWI.
   602 | D:1      | 602 ||| READING 2 scrolls labelled REWEKUDEUR.
   603 | D:1      | 603 ||| DROPPING scroll of poison.
   659 | D:2      | Reached XP level 3. HP: 21/21 MP: 4/4
   843 | D:2      | Found a faded altar of an unknown god.
  1110 | D:2      | Found a runed translucent door.
  1111 | D:2      | Noticed Crazy Yiuf
  1166 | D:2      | Reached XP level 4. HP: 22/26 MP: 5/5
  1321 | D:2      | 1321 ||| UPGRADING to ring of willpower.
  1322 | D:2      | 1322 ||| READING scroll labelled COTZOKL LISMOQUWK.
  1342 | D:2      | 1342 ||| READING scroll labelled PEHIAMPOIRI.
  1343 | D:2      | 1343 ||| READING scroll labelled NUIGHU LUHAJUPT.
  1343 | D:2      | Identified a scroll of acquirement
  1343 | D:2      | 1343 ||| ACQUIRING +2 longbow of electrocution
  1343 | D:2      | Acquired a +2 longbow of electrocution
  1345 | D:2      | 1345 ||| SWAPPING to +2 longbow of electrocution.
  1346 | D:2      | 1346 ||| DROPPING +2 sling.
  1347 | D:2      | 1347 ||| READING scroll labelled OZOYST NIADYU.
  1388 | D:2      | 1388 ||| READING 2 scrolls of identify.
  1388 | D:2      | 1388 ||| IDENTIFYING fizzy black potion
  1431 | D:3      | Reached skill level 4 in Ranged Weapons
  1533 | D:3      | Reached skill level 1 in Armour
  1711 | D:3      | Reached XP level 5. HP: 28/30 MP: 6/6
  1867 | D:3      | 1867 ||| UPGRADING to amulet of the acrobat.
  1872 | D:3      | 1872 ||| READING scroll labelled XAOMUPH KYOD.
  1873 | D:3      | 1873 ||| READING scroll labelled RATROT APULIMP.
  1874 | D:3      | 1874 ||| READING scroll labelled HYFEVO MEYCVE.
  1875 | D:3      | 1875 ||| DRINKING 2 viscous brown potions.
  1876 | D:3      | 1876 ||| READING 2 scrolls of identify.
  1876 | D:3      | 1876 ||| IDENTIFYING viscous yellow potion
  1877 | D:3      | 1877 ||| DROPPING potion of degeneration.
  1887 | D:4      | Noticed a black bear
  1889 | D:4      | Killed a black bear
  1890 | D:4      | Reached skill level 5 in Ranged Weapons
  1893 | D:4      | 1893 ||| STAIRDANCE
  1993 | D:4      | Reached XP level 6. HP: 36/36 MP: 7/7
  2004 | D:4      | Reached skill level 3 in Fighting
  2197 | D:4      | Reached skill level 6 in Ranged Weapons
  2216 | D:4      | Reached XP level 7. HP: 41/43 MP: 8/8
  2394 | D:4      | Reached skill level 7 in Ranged Weapons
  2403 | D:4      | Found an ornate altar of the Wu Jian Council.
  2618 | D:4      | Identified the +2 pair of gloves of Trumpets {rElec rN+
                  | MP-9 Int+3}
  2835 | D:4      | 2835 ||| DROPPING scarf of shadows.
  2836 | D:4      | 2836 ||| UPGRADING to +2 pair of gloves of Trumpets {rElec
                  | rN+ MP-9 Int+3}.
  2841 | D:4      | 2841 ||| UPGRADING to +0 helmet.
  2846 | D:4      | 2846 ||| UPGRADING to +6 ring of strength.
  2847 | D:4      | 2847 ||| READING scroll labelled LUEKAM VYETRYRR.
  2848 | D:4      | 2848 ||| READING scroll labelled OGHAAP YH YLU.
  2899 | D:5      | Entered Level 5 of the Dungeon
  2902 | D:5      | Reached XP level 8. HP: 48/48 MP: 0/9
  2903 | D:5      | 2903 ||| STAIRDANCE
  2906 | D:4      | HP: 12/48 [orc wizard/magic dart (10)]
  2907 | D:4      | 2907 ||| READING 2 scrolls of teleportation.
  2966 | D:4      | Reached skill level 8 in Ranged Weapons
  3241 | D:5      | Reached skill level 9 in Ranged Weapons
  3447 | D:5      | Reached skill level 6 in Fighting
  3665 | D:5      | Reached XP level 9. HP: 55/55 MP: 1/10
  4016 | D:5      | 4016 ||| UPGRADING to +1 leather armour of fire resistance.
  4026 | D:5      | 4026 ||| DROPPING +0 ring mail.
  4027 | D:5      | 4027 ||| UPGRADING to +4 ring of protection.
  4029 | D:5      | 4029 ||| UPGRADING to ring of willpower.
  4052 | D:6      | 4052 ||| Stepping ~*~*~tactically~*~*~ (outnumbered).
  4064 | D:6      | 4064 ||| Stepping ~*~*~tactically~*~*~ (outnumbered).
  4065 | D:6      | 4065 ||| Stepping ~*~*~tactically~*~*~ (outnumbered).
  4081 | D:6      | 4081 ||| FLEEEEING.
  4082 | D:6      | 4082 ||| FLEEEEING.
  4083 | D:6      | 4083 ||| STAIRDANCE
  4261 | D:6      | Reached skill level 10 in Ranged Weapons
  4302 | D:6      | Reached skill level 3 in Dodging
  4416 | D:6      | Noticed Blork the orc
  4418 | D:6      | Noticed Menkaure
  4421 | D:6      | Killed Blork the orc
  4424 | D:6      | Killed Menkaure
  4514 | D:6      | Found a shimmering blue altar of Sif Muna.
  4636 | D:6      | Found a runed translucent gate.
  4636 | D:6      | Found a runed translucent gate.
  4637 | D:6      | Found a runed translucent gate.
  4655 | D:6      | Noticed Sigmund
  4660 | D:6      | Killed Sigmund
  4663 | D:6      | Identified the +1 chain mail "Kikhled" {Int+4}
  4673 | D:6      | Noticed Edmund
  4676 | D:6      | Killed Edmund
  4709 | D:6      | Noticed qw's ghost (novice NaHu)
  4932 | D:6      | 4932 ||| DRINKING 2 blue potions.
  4971 | D:7      | Reached skill level 11 in Ranged Weapons
  4995 | D:7      | Reached XP level 10. HP: 49/64 MP: 2/11
  5143 | D:7      | Found a staircase to the Ecumenical Temple.
  5144 | D:7      | 5144 ||| PLANNING TEMPLE
  5148 | Temple   | Entered the Ecumenical Temple
  5179 | Temple   | 5179 ||| PLANNING OKAWARU WORSHIP
  5351 | Temple   | Became a worshipper of Warmaster Okawaru
  5352 | Temple   | 5352 ||| PLANNING D:1-11
  6220 | D:7      | 6220 ||| DRINKING 2 sapphire potions.
  6325 | D:7      | 6325 ||| DROPPING potion of berserk rage.
  6410 | D:8      | Found Dojud's Armour Shoppe.
  6555 | D:8      | Noticed Joseph
  6557 | D:8      | 6557 ||| FLEEEEING.
  6559 | D:8      | 6559 ||| FLEEEEING.
  6560 | D:8      | 6560 ||| FLEEEEING.
  6561 | D:8      | 6561 ||| FLEEEEING.
  6562 | D:8      | 6562 ||| FLEEEEING.
  6563 | D:8      | 6563 ||| FLEEEEING.
  6569 | D:8      | 6569 ||| FLEEEEING.
  6570 | D:8      | 6570 ||| FLEEEEING.
  6571 | D:8      | 6571 ||| FLEEEEING.
  6572 | D:8      | 6572 ||| FLEEEEING.
  6573 | D:8      | 6573 ||| FLEEEEING.
  6586 | D:8      | Killed Joseph
  6587 | D:8      | Reached skill level 12 in Ranged Weapons
  6626 | D:8      | Found a staircase to the Lair.
  6739 | D:8      | Found Daakal's General Store.
  6747 | D:8      | 6747 ||| BUYING potion of haste (140 gold).
  6747 | D:8      | Bought a potion of haste for 140 gold pieces
  6747 | D:8      | 6747 ||| BUYING scroll of identify (28 gold).
  6747 | D:8      | Bought a scroll of identify for 28 gold pieces
  6762 | D:8      | Found Fuleot's Antique Weapon Emporium.
  6773 | D:8      | Reached * piety under Okawaru
  6775 | D:8      | 6775 ||| INVOKING Heroism.
  6939 | D:8      | Reached skill level 1 in Invocations
  6946 | D:8      | 6946 ||| INVOKING Heroism.
  7146 | D:8      | 7146 ||| INVOKING Heroism.
  7323 | D:8      | 7323 ||| PLANNING LAIR
  7323 | D:8      | 7323 ||| DROPPING +0 steam dragon scales.
  7324 | D:8      | 7324 ||| READING 4 scrolls of identify.
  7324 | D:8      | 7324 ||| IDENTIFYING emerald potion
  7325 | D:8      | 7325 ||| READING 3 scrolls of identify.
  7325 | D:8      | 7325 ||| IDENTIFYING sedimented sapphire potion
  7326 | D:8      | 7326 ||| READING 2 scrolls of identify.
  7326 | D:8      | 7326 ||| IDENTIFYING dark potion
  7327 | D:8      | 7327 ||| DROPPING potion of brilliance.
  7372 | Lair:1   | Entered Level 1 of the Lair of Beasts
  7431 | Lair:1   | 7431 ||| INVOKING Heroism.
  7436 | Lair:1   | Reached skill level 13 in Ranged Weapons
  7436 | Lair:1   | Reached skill level 3 in Invocations
  7557 | Lair:1   | 7557 ||| INVOKING Heroism.
  7558 | Lair:1   | Noticed a black mamba
  7573 | Lair:1   | Killed a black mamba
  7573 | Lair:1   | Reached ** piety under Okawaru
  7574 | Lair:1   | Reached skill level 9 in Fighting
  7574 | Lair:1   | Reached XP level 11. HP: 29/71 MP: 2/14
  7807 | Lair:1   | 7807 ||| INVOKING Heroism.
  7851 | Lair:1   | 7851 ||| INVOKING Heroism.
  7853 | Lair:1   | Noticed a four-headed hydra
  7862 | Lair:1   | Reached skill level 3 in Armour
  7865 | Lair:1   | Killed a four-headed hydra
  7922 | Lair:1   | 7922 ||| INVOKING Heroism.
  8000 | Lair:1   | 8000 ||| INVOKING Heroism.
  8002 | Lair:1   | Reached skill level 14 in Ranged Weapons
  8135 | Lair:1   | Reached *** piety under Okawaru
  8646 | Lair:1   | 8646 ||| READING 2 scrolls labelled IME ES QEIRU.
  8647 | Lair:1   | 8647 ||| READING scroll labelled HOSTUTI DARRUN.
  8648 | Lair:1   | 8648 ||| DRINKING 2 white potions.
  8648 | Lair:1   | Gained mutation: Your mind is acute. (Int +4, Str/Dex -1)
                  | [potion of mutation]
  8649 | Lair:1   | 8649 ||| READING 2 scrolls of identify.
  8649 | Lair:1   | 8649 ||| IDENTIFYING murky amethyst potion
  8650 | Lair:1   | 8650 ||| DROPPING scroll of amnesia.
  8651 | Lair:1   | 8651 ||| DROPPING potion of attraction.
  8700 | Lair:2   | 8700 ||| STAIRDANCE
  8702 | Lair:1   | 8702 ||| INVOKING Heroism.
  8718 | Lair:1   | HP: 18/72 [yak (1)]
  8719 | Lair:1   | 8719 ||| READING 8 scrolls of teleportation.
  8929 | Lair:2   | 8929 ||| INVOKING Heroism.
  9100 | Lair:2   | 9100 ||| READING scroll of enchant weapon.
  9100 | Lair:2   | 9100 ||| ENCHANTING +2 longbow of electrocution.
  9110 | Lair:2   | Found a staircase to the Swamp.
  9169 | Lair:2   | 9169 ||| INVOKING Heroism.
  9176 | Lair:2   | Reached **** piety under Okawaru
  9195 | Lair:2   | 9195 ||| FLEEEEING.
  9196 | Lair:2   | 9196 ||| FLEEEEING.
  9197 | Lair:2   | 9197 ||| FLEEEEING.
  9198 | Lair:2   | 9198 ||| FLEEEEING.
  9200 | Lair:2   | 9200 ||| FLEEEEING.
  9201 | Lair:2   | 9201 ||| FLEEEEING.
  9202 | Lair:2   | 9202 ||| FLEEEEING.
  9203 | Lair:2   | 9203 ||| FLEEEEING.
  9204 | Lair:2   | 9204 ||| FLEEEEING.
  9205 | Lair:2   | 9205 ||| FLEEEEING.
  9206 | Lair:2   | 9206 ||| FLEEEEING.
  9207 | Lair:2   | 9207 ||| FLEEEEING.
  9208 | Lair:2   | 9208 ||| FLEEEEING.
  9209 | Lair:2   | 9209 ||| FLEEEEING.
  9212 | Lair:2   | 9212 ||| FLEEEEING.
  9213 | Lair:2   | 9213 ||| FLEEEEING.
  9219 | Lair:2   | 9219 ||| FLEEEEING.
  9220 | Lair:2   | 9220 ||| FLEEEEING.
  9221 | Lair:2   | 9221 ||| STAIRDANCE
  9431 | Lair:2   | 9431 ||| INVOKING Heroism.
  9437 | Lair:2   | Reached XP level 12. HP: 72/77 MP: 3/15
  9497 | Lair:2   | 9497 ||| INVOKING Heroism.
  9599 | Lair:2   | Reached skill level 15 in Ranged Weapons
  9606 | Lair:2   | Reached skill level 6 in Invocations
  9658 | Lair:2   | 9658 ||| INVOKING Heroism.
  9782 | Lair:2   | Found a hole to the Spider Nest.
 10157 | Lair:3   | 10157 ||| FLEEEEING.
 10158 | Lair:3   | 10158 ||| FLEEEEING.
 10159 | Lair:3   | 10159 ||| FLEEEEING.
 10160 | Lair:3   | 10160 ||| FLEEEEING.
 10161 | Lair:3   | 10161 ||| FLEEEEING.
 10162 | Lair:3   | 10162 ||| FLEEEEING.
 10163 | Lair:3   | 10163 ||| FLEEEEING.
 10164 | Lair:3   | 10164 ||| FLEEEEING.
 10165 | Lair:3   | 10165 ||| FLEEEEING.
 10240 | Lair:3   | 10240 ||| INVOKING Heroism.
 10526 | Lair:3   | Noticed a boulder beetle
 10527 | Lair:3   | 10527 ||| INVOKING Heroism.
 10537 | Lair:3   | Killed a boulder beetle
 10598 | Lair:3   | Noticed a skyshark
 10609 | Lair:3   | Killed a skyshark
 10957 | Lair:3   | 10957 ||| UPGRADING to +0 pair of boots.
 10962 | Lair:3   | 10962 ||| READING 5 scrolls of identify.
 10962 | Lair:3   | 10962 ||| IDENTIFYING fizzy purple potion
 10963 | Lair:3   | 10963 ||| DROPPING potion of invisibility.
 10991 | Lair:4   | 10991 ||| STAIRDANCE
 11026 | Lair:4   | 11026 ||| STAIRDANCE
 11114 | Lair:4   | Reached ***** piety under Okawaru
 11122 | Lair:4   | Identified the +8 rapier of Unpleasantness {drain, rF+}
 11293 | Lair:4   | Reached skill level 16 in Ranged Weapons
 11293 | Lair:4   | Reached skill level 9 in Invocations
 11326 | Lair:4   | 11326 ||| Stepping ~*~*~tactically~*~*~ (water).
 11331 | Lair:4   | Received a gift from Okawaru
 11385 | Lair:4   | Noticed a four-headed hydra
 11386 | Lair:4   | 11386 ||| INVOKING Heroism.
 11393 | Lair:4   | Killed a four-headed hydra
 11394 | Lair:4   | Reached XP level 13. HP: 80/83 MP: 7/20
 11497 | Lair:4   | 11497 ||| INVOKING Heroism.
 11575 | Lair:4   | 11575 ||| INVOKING Heroism.
 11704 | Lair:4   | 11704 ||| INVOKING Heroism.
 11769 | Lair:4   | 11769 ||| INVOKING Heroism.
 11907 | Lair:4   | 11907 ||| Stepping ~*~*~tactically~*~*~ (water).
 11927 | Lair:4   | 11927 ||| INVOKING Heroism.
 11928 | Lair:4   | 11928 ||| DROPPING +1 hat.
 11929 | Lair:4   | 11929 ||| Stepping ~*~*~tactically~*~*~ (water).
 11978 | Lair:4   | Identified the +9 great sword of Wicked Integrity {spect,
                  | Drain rC+ Int+3 Dex+2}
 12149 | Lair:4   | 12149 ||| READING scroll labelled RAAJYL BUNGOOF.
 12150 | Lair:4   | 12150 ||| READING scroll labelled ISADEG IXTUF.
 12161 | Lair:5   | Entered Level 5 of the Lair of Beasts
 12210 | Lair:5   | Found a staircase to the Slime Pits.
 12210 | Lair:5   | Found a viscous altar of Jiyva.
 12220 | Lair:5   | 12220 ||| INVOKING Heroism.
 12315 | Lair:5   | 12315 ||| STAIRDANCE
 12469 | Lair:5   | 12469 ||| INVOKING Heroism.
 12559 | Lair:5   | 12559 ||| INVOKING Heroism.
 12564 | Lair:5   | Reached skill level 17 in Ranged Weapons
 12588 | Lair:5   | 12588 ||| INVOKING Heroism.
 12623 | Lair:5   | 12623 ||| INVOKING Heroism.
 12742 | Lair:5   | 12742 ||| FLEEEEING.
 12743 | Lair:5   | 12743 ||| FLEEEEING.
 12744 | Lair:5   | 12744 ||| FLEEEEING.
 12745 | Lair:5   | 12745 ||| FLEEEEING.
 12829 | Lair:5   | 12829 ||| INVOKING Heroism.
 12833 | Lair:5   | Received a gift from Okawaru
 12874 | Lair:5   | 12874 ||| INVOKING Heroism.
 12877 | Lair:5   | 12877 ||| INVOKING Finesse.
 13176 | Lair:5   | Gained mutation: Your large and strong wings let you fly.
                  | [Gargoyle growth]
 13176 | Lair:5   | Reached XP level 14. HP: 90/90 MP: 12/21
 13419 | Lair:5   | 13419 ||| INVOKING Heroism.
 13421 | Lair:5   | Reached skill level 18 in Ranged Weapons
 13422 | Lair:5   | 13422 ||| INVOKING Finesse.
 13467 | Lair:5   | Reached skill level 12 in Fighting
 13474 | Lair:5   | Received a gift from Okawaru
 13526 | Lair:5   | 13526 ||| INVOKING Heroism.
 13533 | Lair:5   | Reached skill level 6 in Dodging
 13589 | Lair:5   | 13589 ||| INVOKING Heroism.
 13611 | Lair:5   | 13611 ||| INVOKING Heroism.
 13676 | Lair:5   | 13676 ||| INVOKING Heroism.
 14092 | Lair:5   | 14092 ||| PLANNING D:1-11
 14092 | Lair:5   | 14092 ||| UPGRADING to +0 helmet of see invisible.
 14102 | Lair:5   | 14102 ||| DROPPING +0 helmet.
 14311 | D:9      | 14311 ||| Stepping ~*~*~tactically~*~*~ (outnumbered).
 14315 | D:9      | 14315 ||| Stepping ~*~*~tactically~*~*~ (outnumbered).
 14552 | D:9      | Found a broken altar of Ashenzari.
 14554 | D:9      | Found a blossoming altar of Fedhas.
 14759 | D:9      | Found a staircase to the Orcish Mines.
 14939 | D:9      | Noticed Prince Ribbit
 14945 | D:9      | Killed Prince Ribbit
 15002 | D:9      | 15002 ||| Stepping ~*~*~tactically~*~*~ (outnumbered).
 15005 | D:9      | 15005 ||| Stepping ~*~*~tactically~*~*~ (outnumbered).
 15027 | D:9      | 15027 ||| READING 6 scrolls of identify.
 15027 | D:9      | 15027 ||| IDENTIFYING coppery potion
 15028 | D:9      | 15028 ||| DROPPING potion of ambrosia.
 15051 | D:10     | Entered Level 10 of the Dungeon
 15175 | D:10     | 15175 ||| READING scroll of enchant armour.
 15175 | D:10     | 15175 ||| ENCHANTING +0 helmet of see invisible.
 15332 | D:10     | 15332 ||| READING scroll of brand weapon.
 15332 | D:10     | 15332 ||| BRANDING +3 longbow of electrocution.
 15515 | D:10     | Reached skill level 19 in Ranged Weapons
 15563 | D:10     | Found Ygguhung's Magic Scroll Shop.
 15566 | D:10     | 15566 ||| BUYING scroll of enchant armour (105 gold).
 15566 | D:10     | Bought a scroll of enchant armour for 105 gold pieces
 15566 | D:10     | 15566 ||| BUYING scroll of enchant weapon (105 gold).
 15566 | D:10     | Bought a scroll of enchant weapon for 105 gold pieces
 15566 | D:10     | 15566 ||| BUYING scroll of enchant weapon (105 gold).
 15566 | D:10     | Bought a scroll of enchant weapon for 105 gold pieces
 15566 | D:10     | 15566 ||| BUYING scroll of identify (28 gold).
 15566 | D:10     | Bought a scroll of identify for 28 gold pieces
 15566 | D:10     | 15566 ||| BUYING scroll of identify (28 gold).
 15566 | D:10     | Bought a scroll of identify for 28 gold pieces
 15566 | D:10     | 15566 ||| BUYING scroll of identify (28 gold).
 15566 | D:10     | Bought a scroll of identify for 28 gold pieces
 15566 | D:10     | 15566 ||| READING scroll of enchant armour.
 15566 | D:10     | 15566 ||| ENCHANTING +1 helmet of see invisible.
 15567 | D:10     | 15567 ||| READING 2 scrolls of enchant weapon.
 15567 | D:10     | 15567 ||| ENCHANTING +3 longbow of freezing.
 15568 | D:10     | 15568 ||| READING scroll of enchant weapon.
 15568 | D:10     | 15568 ||| ENCHANTING +4 longbow of freezing.
 15643 | D:10     | 15643 ||| FLEEEEING.
 16129 | D:10     | 16129 ||| DROPPING +3 leather armour of poison resistance.
 16130 | D:10     | 16130 ||| UPGRADING to +0 troll leather armour.
 16140 | D:10     | 16140 ||| UPGRADING to ring of protection from fire.
 16308 | D:11     | Reached skill level 6 in Armour
 16703 | D:11     | 16703 ||| PLANNING D
 16868 | D:12     | 16868 ||| INVOKING Heroism.
 16974 | D:12     | 16974 ||| READING scroll of enchant weapon.
 16974 | D:12     | 16974 ||| ENCHANTING +5 longbow of freezing.
 17002 | D:12     | Noticed Erolcha
 17003 | D:12     | 17003 ||| INVOKING Heroism.
 17007 | D:12     | Killed Erolcha
 17367 | D:12     | 17367 ||| UPGRADING to amulet of faith.
 17377 | D:12     | 17377 ||| DROPPING ring of ice.
 17378 | D:12     | 17378 ||| READING 10 scrolls of identify.
 17378 | D:12     | 17378 ||| IDENTIFYING green potion
 17484 | D:13     | Reached XP level 15. HP: 98/98 MP: 13/22
 17699 | D:13     | 17699 ||| INVOKING Heroism.
 17905 | D:13     | 17905 ||| READING 10 scrolls of identify.
 17905 | D:13     | 17905 ||| IDENTIFYING ruby potion
 17930 | D:14     | 17930 ||| PLANNING GAUNTLET
 18070 | D:14     | Found a gate leading to a gauntlet.
 18076 | Gauntlet | Entered a Gauntlet
 18076 | Gauntlet | Found a transporter.
 18076 | Gauntlet | Found a transporter.
 18076 | Gauntlet | Found a transporter.
 18077 | Gauntlet | Found a transporter.
 18080 | Gauntlet | Found a transporter.
 18080 | Gauntlet | Found a transporter.
 18090 | Gauntlet | Found a transporter.
 18094 | Gauntlet | Found a transporter.
 18104 | Gauntlet | Found a transporter.
 18207 | Gauntlet | Found a transporter.
 18211 | Gauntlet | Found a transporter.
 18221 | Gauntlet | Found a transporter.
 18328 | Gauntlet | Identified the staff of Fate {rElec rC+ Air}
 18346 | Gauntlet | Identified the +0 cloak of Jigsaw {+Inv}
 18348 | Gauntlet | 18348 ||| UPGRADING to +0 cloak of Jigsaw {+Inv}.
 18365 | Gauntlet | Identified the +1 shadow dragon scales "Soqoifus" {Regen+
                  | Stlth++++}
 18365 | Gauntlet | Identified the ring of Tyisauja {+Blink MP+9}
 18366 | Gauntlet | 18366 ||| INVOKING Heroism.
 18389 | Gauntlet | 18389 ||| READING 3 scrolls of enchant weapon.
 18389 | Gauntlet | 18389 ||| ENCHANTING +6 longbow of freezing.
 18390 | Gauntlet | 18390 ||| READING 2 scrolls of enchant weapon.
 18390 | Gauntlet | 18390 ||| ENCHANTING +7 longbow of freezing.
 18391 | Gauntlet | 18391 ||| READING scroll of enchant weapon.
 18391 | Gauntlet | 18391 ||| ENCHANTING +8 longbow of freezing.
 18398 | Gauntlet | Identified the +1 ring mail "Isestric" {rElec}
 18430 | Gauntlet | 18430 ||| DROPPING +2 hat.
 18431 | Gauntlet | 18431 ||| DROPPING +1 ring mail "Isestric" {rElec}.
 18432 | Gauntlet | 18432 ||| DROPPING ring of magical power.
 18444 | D:14     | 18444 ||| PLANNING D
 18477 | Abyss:3  | Cast into level 3 of the Abyss (a wizard)
 18709 | Abyss:3  | Identified the +2 leather armour of the Banana {*Slow rN+++
                  | Slay+2}
 18745 | Abyss:3  | Noticed a tentacled starspawn
 18748 | Abyss:3  | Killed a tentacled starspawn
 18847 | Abyss:3  | 18847 ||| DROPPING +2 leather armour of the Banana {*Slow
                  | rN+++ Slay+2}.
 18889 | Abyss:3  | Reached ****** piety under Okawaru
 18996 | Abyss:3  | 18996 ||| INVOKING Heroism.
 18999 | Abyss:3  | 18999 ||| Stepping ~*~*~tactically~*~*~ (outnumbered).
 19006 | Abyss:3  | Noticed a bone dragon
 19022 | Abyss:3  | Killed a bone dragon
 19023 | Abyss:3  | Reached skill level 20 in Ranged Weapons
 19061 | Abyss:3  | Received a gift from Okawaru
 19082 | Abyss:3  | 19082 ||| INVOKING Heroism.
 19104 | D:14     | Escaped the Abyss
 19216 | D:14     | 19216 ||| INVOKING Heroism.
 19217 | D:14     | 19217 ||| INVOKING Finesse.
 19315 | D:14     | 19315 ||| INVOKING Heroism.
 19316 | D:14     | 19316 ||| INVOKING Finesse.
 19322 | D:14     | 19322 ||| Stepping ~*~*~tactically~*~*~ (outnumbered).
 19389 | D:14     | Found a bloodstained altar of Trog.
 19431 | D:14     | 19431 ||| INVOKING Heroism.
 19432 | D:14     | Paralysed by an ogre mage for 2 turns
 19494 | D:14     | Received a gift from Okawaru
 19504 | D:14     | Found a gate to the Vaults.
 19678 | D:15     | Entered Level 15 of the Dungeon
 19747 | D:15     | 19747 ||| INVOKING Heroism.
 19805 | D:15     | Found a sacrificial altar of Ru.
 19823 | D:15     | 19823 ||| FLEEEEING.
 19824 | D:15     | 19824 ||| FLEEEEING.
 19828 | D:15     | 19828 ||| FLEEEEING.
 19829 | D:15     | 19829 ||| FLEEEEING.
 19830 | D:15     | 19830 ||| FLEEEEING.
 19831 | D:15     | 19831 ||| FLEEEEING.
 19840 | D:15     | 19840 ||| INVOKING Heroism.
 19842 | D:15     | HP: 22/100 [mirror damage (5)]
 19843 | D:15     | 19843 ||| READING 12 scrolls of teleportation.
 19843 | D:15     | HP: 10/100 [death knight/+0 broad axe (9)]
 19844 | D:15     | 19844 ||| DRINKING 2 potions of heal wounds.
 19918 | D:15     | 19918 ||| FLEEEEING.
 19919 | D:15     | 19919 ||| FLEEEEING.
 19925 | D:15     | 19925 ||| FLEEEEING.
 19926 | D:15     | 19926 ||| INVOKING Heroism.
 19930 | D:15     | Reached XP level 16. HP: 100/106 MP: 11/23
 20077 | D:15     | 20077 ||| INVOKING Heroism.
 20097 | D:15     | 20097 ||| Stepping ~*~*~tactically~*~*~ (outnumbered).
 20103 | D:15     | 20103 ||| Stepping ~*~*~tactically~*~*~ (outnumbered).
 20122 | D:15     | Reached skill level 15 in Fighting
 20130 | D:15     | 20130 ||| FLEEEEING.
 20131 | D:15     | 20131 ||| FLEEEEING.
 20132 | D:15     | 20132 ||| FLEEEEING.
 20133 | D:15     | 20133 ||| FLEEEEING.
 20134 | D:15     | 20134 ||| FLEEEEING.
 20135 | D:15     | 20135 ||| FLEEEEING.
 20136 | D:15     | 20136 ||| FLEEEEING.
 20137 | D:15     | 20137 ||| FLEEEEING.
 20138 | D:15     | 20138 ||| FLEEEEING.
 20139 | D:15     | 20139 ||| FLEEEEING.
 20140 | D:15     | 20140 ||| FLEEEEING.
 20141 | D:15     | 20141 ||| FLEEEEING.
 20142 | D:15     | 20142 ||| FLEEEEING.
 20143 | D:15     | 20143 ||| FLEEEEING.
 20144 | D:15     | 20144 ||| FLEEEEING.
 20145 | D:15     | 20145 ||| FLEEEEING.
 20146 | D:15     | 20146 ||| FLEEEEING.
 20147 | D:15     | 20147 ||| FLEEEEING.
 20148 | D:15     | 20148 ||| INVOKING Heroism.
 20248 | D:15     | 20248 ||| FLEEEEING.
 20249 | D:15     | 20249 ||| FLEEEEING.
 20250 | D:15     | 20250 ||| FLEEEEING.
 20251 | D:15     | 20251 ||| FLEEEEING.
 20252 | D:15     | 20252 ||| FLEEEEING.
 20253 | D:15     | 20253 ||| FLEEEEING.
 20254 | D:15     | 20254 ||| FLEEEEING.
 20255 | D:15     | 20255 ||| FLEEEEING.
 20275 | D:15     | Reached skill level 9 in Armour
 20304 | D:15     | Received a gift from Okawaru
 20378 | D:15     | Found a staircase to the Depths.
 20495 | D:15     | 20495 ||| INVOKING Heroism.
 20753 | D:15     | 20753 ||| PLANNING ORC
 20753 | D:15     | 20753 ||| DROPPING +1 leather armour of fire resistance.
 20754 | D:15     | 20754 ||| UPGRADING to +4 ring mail of fire resistance.
 20764 | D:15     | 20764 ||| DROPPING +2 robe of resistance.
 20765 | D:15     | 20765 ||| UPGRADING to ring of protection from cold.
 20942 | Orc:1    | Entered Level 1 of the Orcish Mines
 20946 | Orc:1    | You are sucked into a shaft and drop 1 floor!
 20946 | Orc:2    | Entered Level 2 of the Orcish Mines
 20967 | Orc:2    | 20967 ||| INVOKING Heroism.
 21030 | Orc:2    | 21030 ||| FLEEEEING.
 21031 | Orc:2    | 21031 ||| FLEEEEING.
 21032 | Orc:2    | 21032 ||| STAIRDANCE
 21169 | Orc:1    | 21169 ||| Stepping ~*~*~tactically~*~*~ (outnumbered).
 21170 | Orc:1    | 21170 ||| Stepping ~*~*~tactically~*~*~ (outnumbered).
 21187 | Orc:1    | 21187 ||| FLEEEEING.
 21198 | Orc:1    | 21198 ||| FLEEEEING.
 21199 | Orc:1    | 21199 ||| FLEEEEING.
 21204 | Orc:1    | 21204 ||| FLEEEEING.
 21205 | Orc:1    | 21205 ||| FLEEEEING.
 21206 | Orc:1    | 21206 ||| FLEEEEING.
 21207 | Orc:1    | 21207 ||| FLEEEEING.
 21209 | Orc:1    | 21209 ||| STAIRDANCE
 21293 | Orc:1    | 21293 ||| INVOKING Heroism.
 21593 | Orc:2    | 21593 ||| INVOKING Heroism.
 21608 | Orc:2    | 21608 ||| INVOKING Finesse.
 21617 | Orc:2    | 21617 ||| DRINKING 7 potions of curing.
 21617 | Orc:2    | 21617 ||| (to cure confusion)
 21625 | Orc:2    | HP: 22/110 [troll (10)]
 21625 | Orc:2    | HP: 7/110 [orc high priest/divine providence (10)]
 21626 | Orc:2    | 21626 ||| READING 13 scrolls of teleportation.
 21627 | Orc:2    | 21627 ||| DRINKING potion of heal wounds.
 21629 | Orc:2    | Noticed Nergalle
 21632 | Orc:2    | HP: 18/110 [orc wizard/magic dart (2)]
 21632 | Orc:2    | HP: 1/110 [orc high priest/+0 glaive (17)]
 21635 | Orc:2    | Found Fytimp's Antique Armour Shop.
 21636 | Orc:2    | 21636 ||| READING 12 scrolls of teleportation.
 21636 | Orc:2    | Mangled by an orc knight

Levels and vault maps discovered:
D:1:      saegor_arrival_simple_b, layout_rooms, minivault_24
D:2:      layout_loops_ring, shapermc_ecumenical_altar_acropolis,
          uniq_crazy_yiuf_cottage
D:3:      layout_rooms
D:4:      layout_loops_ring, nicolae_wu_jian_wuxing_cycle, serial_undead,
          serial_undead_a, serial_undead_c, serial_undead_b, serial_undead_e,
          serial_undead_f, serial_undead_c, serial_undead_c
D:5:      layout_cave_pods, minmay_crossroads
D:6:      layout_basic, lemuel_doored_altar, gammafunk_ghost_icy,
          sigmund_edmund_badplayer, uniq_menkaure, uniq_blork_the_orc
D:7:      layout_basic, temple_doors_e
D:8:      layout_rooms, lair_entry_dummy, serial_aquarium,
          aquarium_bridge_square [aquarium_subvault_bridge,
          aquarium_subvault_bridge, aquarium_subvault_bridge,
          aquarium_subvault_window], aquarium_bridge_square
          [aquarium_subvault_bridge, aquarium_subvault_bridge,
          aquarium_subvault_wall, aquarium_subvault_wall], aquarium_window_fake,
          aquarium_window_corner, aquarium_window_fake, aquarium_view_2c,
          serial_shops, nicolae_shop_just_a_little_nook,
          nicolae_shop_behind_doors, nicolae_shop_rolling_square,
          nrook_mini_backslash, uniq_joseph
D:9:      layout_loops_ring, chequers_temple_overflow_statue_of_worship,
          orc_0_dummy, hangedman_glass_teeth, uniq_prince_ribbit1
D:10:     layout_loops_ring, serial_shops, nicolae_shop_rolled_up,
          grunt_ogre_cave, corexii_leaking_fountain
D:11:     layout_roguey
D:12:     layout_roguey, uniq_erolcha
D:13:     layout_basic, dreamdust_looks_like_rain
D:14:     layout_basic, grunt_vaults_entry_fortified, gauntlet_entry_generic,
          bloody_trog
D:15:     gammafunk_depths_entry_grave, layout_irregular_city,
          chequers_decorated_corner, nicolae_ru_the_path_less_chosen
Temple:   nicolae_temple_bog_church
Lair:1:   layout_cave_pods, serial_bayou_shore_b
Lair:2:   layout_cave_pods, swamp_mist, nicolae_spider_entry_non_spiders
Lair:3:   layout_regular_city, st_stairs_3, nicolae_quartered_pool_medium
Lair:4:   cheibrodos_lair_river_kwai, layout_small_grid,
          grunt_forest_stairs_clearing
Lair:5:   hangedman_lair_in_review, layout_cave_pods,
          minmay_slime_entry_pillars, minmay_stone_trees_large
Orc:1:    layout_diamond_mine
Orc:2:    grunt_orc_cross, layout_diamond_mine, basic_altar,
          nicolae_volcano_entry_two_sided

Skill      XL: |  1  2  3  4  5  6  7  8  9 10 11 12 13 14 15 16 |
---------------+-------------------------------------------------+-----
Ranged Weapons | 3 4 5 6 7 9 11 13 14 16 17 19 20 | 20.0
Fighting       | 2 4 6 7 9 10 11 13 14 15 | 15.8
Armour         | 1 2 3 4 5 6 8 9 |  9.8
Dodging        | 2 3 4 5 6 8 |  8.0
Invocations    | 4 5 9 10 | 10.0
Spellcasting   | |  1.0
Hexes          | |  2.6

Action                     |  1- 3 |  4- 6 |  7- 9 | 10-12 | 13-15 | 16-18 || total
---------------------------+-------+-------+-------+-------+-------+-------++-------
   Fire: Sling             |   117 |     3 |       |       |       |       ||   120
         Longbow           |       |   111 |   298 |   527 |  1267 |   321 ||  2524
 Invoke: Heroism           |       |       |       |    18 |    29 |     6 ||    53
         Finesse           |       |       |       |       |     4 |     1 ||     5
    Use: Scroll            |     3 |     9 |     3 |     9 |    15 |     2 ||    41
         Potion            |       |     1 |     1 |     2 |     1 |     2 ||     7
 Armour: Robe              |     5 |       |       |       |       |       ||     5
         Ring mail         |    12 |    24 |    56 |       |       |    90 ||   182
         Leather armour    |       |       |    29 |   146 |   159 |       ||   334
         Troll leather arm |       |       |       |       |   129 |    28 ||   157
  Dodge: Dodged            |    34 |    41 |    98 |   197 |   353 |   189 ||   912

Table legend:
 A = Non-vault XP
 B = Vault XP
 C = Vault XP percentage of total XP
 D = Non-vault monster count
 E = Vault monster count
 F = Vault count percentage of total count
                 A         B        C        D         E       F
            +---------+---------+-------+---------+---------+-------
      Total |  121056 |   35767 |  22.8 |     588 |     117 |  16.6
            +---------+---------+-------+---------+---------+-------
        D:1 |      32 |       0 |   0.0 |      18 |       0 |   0.0
        D:2 |      51 |       0 |   0.0 |      23 |       0 |   0.0
        D:3 |      86 |       0 |   0.0 |      19 |       0 |   0.0
        D:4 |     740 |     298 |  28.7 |      41 |      17 |  29.3
        D:5 |     879 |     311 |  26.1 |      23 |       3 |  11.5
        D:6 |     939 |     639 |  40.5 |      26 |       4 |  13.3
        D:7 |    1153 |       0 |   0.0 |      15 |       0 |   0.0
        D:8 |    1764 |     419 |  19.2 |      21 |       1 |   4.5
        D:9 |    1150 |     255 |  18.1 |      38 |       1 |   2.6
       D:10 |    5746 |     830 |  12.6 |      23 |       1 |   4.2
       D:11 |    3928 |       0 |   0.0 |      21 |       0 |   0.0
       D:12 |    4360 |     861 |  16.5 |      20 |       1 |   4.8
       D:13 |    5181 |     736 |  12.4 |      11 |       5 |  31.2
       D:14 |    5316 |    7354 |  58.0 |      16 |      10 |  38.5
       D:15 |   22134 |    5005 |  18.4 |      39 |       8 |  17.0
     Lair:1 |    8350 |       0 |   0.0 |      36 |       0 |   0.0
     Lair:2 |    5868 |     110 |   1.8 |      25 |       8 |  24.2
     Lair:3 |    3366 |     906 |  21.2 |       8 |       2 |  20.0
     Lair:4 |    9931 |    3010 |  23.3 |      31 |      12 |  27.9
     Lair:5 |   18594 |   11065 |  37.3 |      56 |      25 |  30.9
      Orc:1 |    2227 |       0 |   0.0 |      14 |       0 |   0.0
      Orc:2 |    1439 |    1234 |  46.2 |      23 |       9 |  28.1
    Abyss:3 |   17822 |       0 |   0.0 |      41 |       0 |   0.0
   Gauntlet |       0 |    2734 | 100.0 |       0 |      10 | 100.0
            +---------+---------+-------+---------+---------+-------
